 Dungeon Crawl Stone Soup version 0.29-a0-837-g174bc33265 (webtiles) character file.

Game seed: 2309353871140674432

15171 Querens the Blocker (level 12, -3/104 HPs)
             Began as a Meteoran Fighter on July 13, 2022.
             Was a High Priest of Okawaru.
             Slain by a rust devil (5 damage)
             ... summoned by an orc high priest
             ... on level 2 of the Orcish Mines.
             The game lasted 00:32:57 (6860 turns).

Querens the Blocker (Meteoran Fighter)              Turns: 6860, Time: 00:32:57

Health: -3/104     AC: 17    Str: 22    XL:     12   Next: 90%
Magic:  23/25      EV:  4    Int: 10    God:    Okawaru [*****.]
Gold:   883        SH: 16    Dex: 15    Spells: 26/28 levels left

rFire   . . .      SeeInvis .   a - +0 war axe
rCold   . . .      Faith    +   I - +0 tower shield
rNeg    + . .      Spirit   .   F - +0 plate armour
rPois   .          Reflect  .   (no helmet)
rElec   .          Harm     .   (no cloak)
rCorr   .          Rampage  .   g - +0 pair of gloves
Will    +....                   z - +0 pair of boots
Stlth   ..........              w - amulet of faith
HPRegen 0.27/turn               r - ring of positive energy
MPRegen 0.19/turn               L - ring of wizardry

@: mighty, finesse-ful, wereblooded, glowing
A: sense surroundings 2, otherworldly, glowing, explore regen
a: Renounce Religion, Heroism, Finesse, Duel


You were on level 2 of the Orcish Mines.
You worshipped Okawaru.
Okawaru was extremely pleased with you.
You visited 3 branches of the dungeon, and saw 14 of its levels.

You collected 1078 gold pieces.
You spent 195 gold pieces at shops.

Inventory:

Hand Weapons
 a - a +0 war axe (weapon)
Missiles
 p - 4 datura-tipped darts (quivered)
 u - 5 curare-tipped darts
Armour
 g - a +0 pair of gloves (worn)
 v - the +3 leather armour of Serendipity {Rampage rCorr Int-2}
   (You found it on level 2 of the Dungeon)

   Int:       It affects your intelligence (-2).
   rCorr:     It protects you from acid and corrosion.
   Rampage:   It bestows one free step when moving towards enemies.
 z - a +0 pair of boots (worn)
 F - a +0 plate armour (worn)
 I - a +0 tower shield (worn)
 N - a +2 hat
Jewellery
 c - an amulet of magic regeneration
 i - a +6 ring of strength
 q - the ring "Yxacvu" {Drain rF- Will+ Int+7 Dex+9}
   (You found it on level 9 of the Dungeon)

   [ring of willpower]

   Int:       It affects your intelligence (+7).
   Dex:       It affects your dexterity (+9).
   rF:        It makes you vulnerable to fire.
   Drain:     It drains your maximum health when unequipped.
   Will:      It increases your willpower.
 r - a ring of positive energy (left hand)
 w - an amulet of faith (around neck)
 y - a ring of resist corrosion
 L - a ring of wizardry (right hand)
 M - an amulet of regeneration
Wands
 l - a wand of flame (24)
Scrolls
 b - 3 scrolls of fog
 f - 3 scrolls of teleportation
 h - a scroll of brand weapon
 m - a scroll of enchant weapon
 n - a scroll of magic mapping
 o - 3 scrolls of poison
 x - a scroll of enchant armour
 C - 7 scrolls of amnesia
 E - a scroll of noise {unknown}
 J - a scroll of summoning {unknown}
Potions
 d - 4 potions of might
 e - a potion of lignification
 j - 2 potions of flight
 k - a potion of brilliance {unknown}
 s - 2 potions of magic
 t - 5 potions of mutation
 A - 2 potions of invisibility {unknown}
 D - a potion of ambrosia {unknown}
 G - 3 potions of resistance {unknown}
 K - 2 potions of haste {unknown}


   Skills:
 + Level 9.1 Fighting
 + Level 9.6 Axes
 + Level 10.0 Armour
 + Level 10.1 Shields
 + Level 8.5 Spellcasting
 + Level 8.5 Transmutations
 + Level 8.6 Invocations


You had 26 spell levels left.
You knew the following spells:

 Your Spells              Type           Power      Damage    Failure   Level
a - Wereblood             Tmut           21%        N/A       24%         2

Your spell library contained the following spells:

 Spells                   Type           Power      Damage    Failure   Level
 Beastly Appendage        Tmut           42%        N/A       16%         1
 Passwall                 Tmut/Erth      10%        N/A       77%         2
 Spider Form              Tmut/Pois      12%        N/A       92%         3
 Apportation              Tloc           8%         N/A       99%         1
 Sandblast                Erth           8%         2d5       99%         1
 Ignite Poison            Fire/Tmut/Pois 9%         N/A       99%         3
 Searing Ray              Conj           8%         2d4       100%        2
 Static Discharge         Conj/Air       4%         3-4/arc   100%        2
 Dazzling Flash           Conj/Hex       8%         N/A       100%        3
 Stone Arrow              Conj/Erth      8%         3d7       100%        3
 Anguish                  Hex/Necr       2%         N/A       100%        4
 Dispel Undead            Necr           4%         3d7       100%        4
 Sticky Flame             Conj/Fire      4%         2d3       100%        4
 Alistair's Intoxication  Tmut/Pois      8%         N/A       100%        5
 Enfeeble                 Hex            2%         N/A       100%        7
 Lehudib's Crystal Spear  Conj/Erth      2%         10d2      100%        8
 Animate Armour           Summ/Erth      Unusable   N/A       N/A         4

Dungeon Overview and Level Annotations

Branches:
Dungeon (11/15) Zot: 461   Temple (1/1) D:5 Zot: 517    Lair (0/6) D:9
    Orc (2/2) D:10 Zot: 706
    Elf: Orc:2

Altars:
Ashenzari
Cheibriados
Dithmenos
Elyvilon
Fedhas
Gozag
Hepliaklqana
Kikubaaqudgha
Makhleb
Nemelex Xobeh
Okawaru
Qazlal
Ru
Sif Muna
Trog
Uskayaw
Vehumet
Wu Jian
Xom
Yredelemnul
Zin
The Shining One

Shops:
D:6 ?


Innate Abilities, Weirdness & Mutations

You passively map the area around you.
You are easily found by Zot.
You glow in the dark.
You regain HP and MP as you explore.


Message History

* * * LOW HITPOINT WARNING * * *
The orc wizard barely misses you.
The orc high priest hits you but does no damage.
Unknown command.
Unknown command.
You miss the orc high priest.
The orc high priest is moderately wounded.
You miss the sixfirhy. You closely miss the rust devil. You hit the orc wizard.
The sixfirhy barely misses you. You block the sixfirhy's attack.
The rust devil barely misses you.
Unknown command.
Unknown command.
Unknown command.
You slice the orc high priest!!
The orc high priest is heavily wounded.
You barely miss the rust devil. You slash the orc wizard!
You slash the sixfirhy!
You kill the sixfirhy!
The sixfirhy disappears in a puff of smoke!
You feel like a meek peon again.
An orc priest comes into view. It is wielding a +0 short sword.
You block the orc wizard's attack.
An orc wizard comes into view. It is wielding a +0 dagger.
The orc high priest prays to Beogh.
The orc high priest shouts, "You are a heretic and must be destroyed!"
The orc high priest hits you with a +0 battleaxe.
* * * LOW HITPOINT WARNING * * *
An orc priest comes into view. It is wielding a +0 hand axe.
The orc priest shouts!
Unknown command.
Unknown command.
As you read the scroll of fear, it crumbles to dust.
You assume a fearsome visage.
The orc warrior looks frightened!
The orc wizard looks frightened!
The orc priest looks frightened!
The orc wizard looks frightened!
The orc priest looks frightened!
The orc high priest looks frightened! x3; The rust devil easily resists.
The orc wizard looks frightened! x2
You hear a shout!
The rust devil hits you.
You die...

, , ,, , , ,, * ,
,o..#.........., , ** * , ,
#..#............ ** , ,, * ,,
#o............... * , ,
,#.oo.............. * ,
oo...^...........* * , , ,
#.o...#.......... ,* *** *
,#o4§o)..........#.,, , ,,, ,
,#.o@.)...........# , ,
#...)))........... , ,
#......)..........,. , ,
##.....)..........#.# , ,
##........).....###...
############).........)#...#.#...
....................#.........#..
....####...................#.....
.# * ###.........................


You could see 3 orc high priests, a rust devil (summoned), an orc warrior
(fleeing), 2 orc priests and 4 orc wizards.

Vanquished Creatures
  A boulder beetle (D:9)
  3 two-headed ogres
  A tengu warrior (D:10)
  An orc high priest (Orc:2)
  A lindwurm (D:9)
  2 orc sorcerers (Orc:2)
  A cyclops (Orc:1)
  A komodo dragon (D:10)
  3 trolls
  A hornet (D:10)
  Sigmund (D:2)
  2 wyverns
  A wraith (D:9)
  A jumping spider (D:9)
  16 yaks
  2 redbacks (D:9)
  An acid dragon (D:9)
  3 wargs (D:9)
  A water moccasin (D:8)
  6 orc warriors
  2 black bears
  3 sky beasts
  3 ogres
  2 centaurs
  A phantom (D:5)
  4 bullfrogs
  2 kobold brigands (D:9)
  4 scorpions
  4 wights (D:9)
  11 killer bees (D:9)
  A howler monkey (D:10)
  An electric eel (D:6)
  3 lava snakes (D:9)
  18 orc priests
  3 hounds
  2 gnoll boudas
  A jelly (D:6)
  Terence (D:2)
  3 iguanas
  26 orc wizards
  12 gnolls
  2 adders
  2 shadow imps
  A white imp (D:6)
  A worm (D:2)
  A dart slug (D:2)
  47 orcs
  7 bats
  8 endoplasms
  3 giant cockroaches
  9 goblins
  5 hobgoblins
  5 jackals
  24 kobolds
  4 quokkas
  6 ball pythons
  4 frilled lizards
  8 rats
293 creatures vanquished.

Vanquished Creatures (others)
  An orc sorcerer (Orc:2)
  An orc priest (Orc:2)
  10 plants
12 creatures vanquished.

Grand Total: 305 creatures vanquished

Notes
Turn   | Place    | Note
-------+----------+-------------------------------------------
     0 | D:1      | Querens the Meteoran Fighter began the quest for the Orb.
     0 | D:1      | Reached XP level 1. HP: 19/19 MP: 2/2
    23 | D:1      | Reached XP level 2. HP: 21/26 MP: 3/3
   356 | D:1      | Reached XP level 3. HP: 31/31 MP: 4/4
   481 | D:1      | Glimpsed the power of Zot.
   531 | D:1      | Glimpsed the power of Zot.
   571 | D:1      | Glimpsed the power of Zot.
   581 | D:1      | Touched by the power of Zot.
   678 | D:1      | Glimpsed the power of Zot.
   728 | D:1      | Glimpsed the power of Zot.
   768 | D:2      | Noticed Sigmund
   813 | D:3      | Reached XP level 4. HP: 27/29 MP: 5/5
  1012 | D:2      | Noticed Terence
  1019 | D:2      | Killed Terence
  1096 | D:2      | Identified the +3 leather armour of Serendipity {Rampage
                  | rCorr Int-2}
  1120 | D:2      | Reached XP level 5. HP: 38/40 MP: 6/6
  1251 | D:2      | Got the Spellbook of the Lethal Coals
  1329 | D:2      | Killed Sigmund
  1330 | D:2      | Reached skill level 5 in Armour
  1330 | D:2      | Reached skill level 5 in Shields
  1330 | D:2      | Reached XP level 6. HP: 27/53 MP: 7/7
  1539 | D:2      | Found a faded altar of an unknown god.
  1626 | D:3      | Learned a level 2 spell: Wereblood
  1683 | D:3      | Reached XP level 7. HP: 55/60 MP: 8/8
  1712 | D:3      | Found an iron altar of Okawaru.
  1717 | D:3      | Became a worshipper of Warmaster Okawaru
  1840 | D:3      | Glimpsed the power of Zot.
  1890 | D:3      | Glimpsed the power of Zot.
  1930 | D:3      | Glimpsed the power of Zot.
  1940 | D:3      | Touched by the power of Zot.
  2238 | D:4      | Reached skill level 1 in Spellcasting
  2288 | D:4      | Reached skill level 1 in Transmutations
  2411 | D:4      | Paralysed by an orc for 5 turns
  2462 | D:5      | Entered Level 5 of the Dungeon
  2479 | D:5      | Reached skill level 5 in Fighting
  2563 | D:5      | Reached XP level 8. HP: 45/63 MP: 12/12
  2567 | D:5      | Reached skill level 5 in Axes
  2611 | D:5      | Reached * piety under Okawaru
  2658 | D:5      | Found a staircase to the Ecumenical Temple.
  2676 | Temple   | Entered the Ecumenical Temple
  2868 | D:5      | Found a snail-covered altar of Cheibriados.
  3027 | D:5      | Found a white marble altar of Elyvilon.
  3027 | D:5      | Found an ornate altar of the Wu Jian Council.
  3027 | D:5      | Found a glowing golden altar of the Shining One.
  3109 | D:5      | Reached skill level 1 in Invocations
  3272 | D:5      | Glimpsed the power of Zot.
  3321 | D:5      | Glimpsed the power of Zot.
  3375 | D:6      | Found a sacrificial altar of Ru.
  3380 | D:6      | Reached ** piety under Okawaru
  3381 | D:6      | Gained mutation: You passively map the area around you.
                  | [Meteoran growth]
  3381 | D:6      | Reached XP level 9. HP: 52/74 MP: 15/15
  3426 | D:6      | Found a glowing silver altar of Zin.
  3554 | D:6      | Found Eneucorr's Magic Scroll Emporium.
  3579 | D:6      | Bought a scroll of teleportation for 45 gold pieces
  3579 | D:6      | Bought a scroll of identify for 30 gold pieces
  3579 | D:6      | Bought a scroll of identify for 30 gold pieces
  3579 | D:6      | Bought a scroll of identify for 30 gold pieces
  3579 | D:6      | Bought a scroll of fear for 60 gold pieces
  3661 | D:6      | Found a radiant altar of Vehumet.
  4132 | D:7      | Reached *** piety under Okawaru
  4269 | D:7      | Found a burning altar of Makhleb.
  4370 | D:8      | Reached XP level 10. HP: 53/84 MP: 16/18
  4375 | D:8      | Reached skill level 5 in Spellcasting
  4393 | D:8      | Reached skill level 5 in Transmutations
  4583 | D:8      | Reached **** piety under Okawaru
  4584 | D:8      | Reached skill level 5 in Invocations
  4718 | D:8      | Found an ancient bone altar of Kikubaaqudgha.
  4862 | D:9      | Found a staircase to the Lair.
  4886 | D:9      | HP: 3/80 [warg (3)]
  4917 | D:9      | Reached XP level 11. HP: 63/92 MP: 21/21
  5065 | D:9      | Reached ***** piety under Okawaru
  5336 | D:9      | Found a sparkling altar of Nemelex Xobeh.
  5398 | D:9      | Found a runed translucent door.
  5470 | D:9      | Identified the +0 robe "Aluesed" {*Slow Int+5}
  5529 | D:9      | Found a runed translucent gate.
  5529 | D:9      | Found a runed translucent gate.
  5529 | D:9      | Glimpsed the power of Zot.
  5537 | D:9      | Found a runed translucent gate.
  5537 | D:9      | Found a runed translucent gate.
  5537 | D:9      | Found a runed translucent gate.
  5537 | D:9      | Noticed a boulder beetle
  5537 | D:9      | Noticed a lindwurm
  5538 | D:9      | Found a runed translucent gate.
  5576 | D:9      | Killed a boulder beetle
  5576 | D:9      | Glimpsed the power of Zot.
  5615 | D:9      | Glimpsed the power of Zot.
  5624 | D:10     | Entered Level 10 of the Dungeon
  5634 | D:10     | Found a stormy altar of Qazlal.
  5680 | D:10     | Found a shadowy altar of Dithmenos.
  5725 | D:10     | Noticed a tengu warrior
  5752 | D:10     | Killed a tengu warrior
  5752 | D:10     | Identified the +3 ring mail of Itynwas {rN+} (Okawaru
                  | gifted it to you on level 10 of the Dungeon)
  5752 | D:10     | Received a gift from Okawaru
  5906 | D:10     | Found a staircase to the Orcish Mines.
  5933 | D:10     | Reached XP level 12. HP: 103/103 MP: 22/24
  6001 | D:10     | Noticed a two-headed ogre
  6011 | D:10     | Killed a two-headed ogre
  6040 | D:10     | Noticed a two-headed ogre
  6052 | D:10     | Killed a two-headed ogre
  6129 | D:10     | Found a blossoming altar of Fedhas.
  6135 | D:10     | Glimpsed the power of Zot.
  6279 | D:9      | Killed a lindwurm
  6287 | D:9      | Identified the ring "Yxacvu" {Drain rF- Will+ Int+7 Dex+9}
  6366 | Orc:1    | Entered Level 1 of the Orcish Mines
  6486 | Orc:2    | Entered Level 2 of the Orcish Mines
  6496 | Orc:2    | Paralysed by an orc sorcerer for 3 turns
  6585 | Orc:1    | Noticed a two-headed ogre
  6596 | Orc:1    | Killed a two-headed ogre
  6819 | Orc:2    | Noticed an orc high priest
  6821 | Orc:2    | Noticed a soul eater
  6839 | Orc:2    | Paralysed by an orc sorcerer for 3 turns
  6839 | Orc:2    | Noticed an orc high priest
  6842 | Orc:2    | Noticed a sixfirhy
  6842 | Orc:2    | Killed an orc high priest
  6843 | Orc:2    | Reached skill level 10 in Armour
  6843 | Orc:2    | Reached skill level 10 in Shields
  6850 | Orc:2    | Noticed an orc high priest
  6851 | Orc:2    | Noticed an orc high priest
  6859 | Orc:2    | HP: 2/104 [orc high priest/+0 battleaxe (6)]
  6860 | Orc:2    | Slain by a rust devil

Illustrated notes

Levels and vault maps discovered:
D:1:      spicycebolla_green_bress_n_ham, layout_basic, minivault_11,
          st_stairs_1
D:2:      minmay_razor_zed, layout_rooms, shapermc_ecumenical_altar_mp_vishouse,
          serial_curves, eino_curves_04, eino_curves_03, eino_curves_04,
          kennysheep_generic_room_13, uniq_sigmund, uniq_terence
D:3:      layout_loops_ring, lemuel_doored_altar
D:4:      layout_loops_ring
D:5:      layout_layer_cave, cheibrodos_worm_habitat,
          chequers_temple_overflow_statue_of_worship,
          minmay_temple_entry_stoned_glass, st_stairs_6,
          eino_small_chamber_without_monster
D:6:      layout_gridville, lemuel_round_altar, nicolae_vehumet_altar_sigil,
          nicolae_overflow_hidden_temple, serial_shops, shop,
          serial_bayou_lake_a
D:7:      layout_basic, mainiacjoe_overflow_boulevard
D:8:      layout_rooms, general_overflow_altar
D:9:      gammafunk_indiana_jones, layout_irregular_city,
          mainiacjoe_overflow_concentric_impassable, erik_lair_orcish_takeover
D:10:     layout_irregular_city, nicolae_overflow_crystal_walls,
          grunt_dithmenos_smoke_and_mirrors, overflow_temple_1_default,
          orc_0_dummy, serial_park_tiny_1
D:11:     layout_gridville, nicolae_eternal_life, water_boxes_lemuel
Temple:   hellmonk_temple_forest_ring
Orc:1:    layout_caves, basic_altar
Orc:2:    st_orc_mages, layout_caves, serial_shops, nicolae_shop_hallway_plus

Skill      XL: |  1  2  3  4  5  6  7  8  9 10 11 12 |
---------------+-------------------------------------+-----
Armour         | 4 5 6 7 8 9 10 | 10.0
Shields        | 4 5 6 7 8 9 10 | 10.1
Axes           | 3 4 5 6 7 8 9 |  9.6
Fighting       | 4 5 6 7 8 9 |  9.1
Spellcasting   | 2 3 4 6 7 8 |  8.5
Transmutations | 2 3 4 6 7 8 |  8.5
Invocations    | 1 4 5 7 8 |  8.6

Action                   |  1- 3 |  4- 6 |  7- 9 | 10-12 || total
-------------------------+-------+-------+-------+-------++-------
Melee: War axe           |    62 |    87 |   403 |   532 ||  1084
Throw: Dart              |       |     4 |       |       ||     4
 Cast: Wereblood         |       |       |       |     5 ||     5
Invok: Heroism           |       |       |     1 |    24 ||    25
       Finesse           |       |       |       |     5 ||     5
Evoke: Wand              |       |       |     5 |    10 ||    15
  Use: Scroll            |       |       |    14 |     7 ||    21
       Potion            |       |       |     4 |    11 ||    15
 Stab: Paralysed         |       |       |    16 |    19 ||    35
Armor: Scale mail        |    47 |    11 |       |       ||    58
       Chain mail        |       |    33 |   176 |       ||   209
       Plate armour      |       |       |   143 |   337 ||   480
Dodge: Dodged            |    26 |    21 |    92 |    99 ||   238
Block: Buckler           |    32 |    19 |    95 |       ||   146
       Tower shield      |       |       |    41 |   574 ||   615

Table legend: (Time is in decaauts)
 A = Elapsed time spent in this place.
 B = Non-inter-level travel time spent in this place.
 C = Inter-level travel time spent in this place.
 D = Time resting spent in this place.
 E = Time spent auto-exploring this place.
 F = Levels seen in this place.
 G = Mean time per level.
                   A        B        C        D        E       F      G
               +--------+--------+--------+--------+--------+-----+--------+
         Total |   7115 |   6374 |    741 |      0 |     71 |  14 |  508.2 |
       Dungeon |   6540 |   5824 |    716 |      0 |      0 |  11 |  594.5 |
        Temple |     82 |     81 |      1 |      0 |     71 |   1 |   82.0 |
  Orcish Mines |    492 |    469 |     23 |      0 |      0 |   2 |  246.0 |
               +--------+--------+--------+--------+--------+-----+--------+

Top non-repeatable levels by time:
     D:9: 1028 daAuts
     D:1: 821 daAuts
     D:5: 818 daAuts
     D:2: 709 daAuts
    D:10: 597 daAuts
     D:7: 588 daAuts
     D:4: 541 daAuts
     D:6: 484 daAuts
     D:3: 473 daAuts
     D:8: 465 daAuts
   Orc:1: 297 daAuts
   Orc:2: 195 daAuts
  Temple: 82 daAuts
    D:11: 10 daAuts
